 Dungeon Crawl Stone Soup version 0.22-a0-430-g6609fc6 (webtiles) character file.

33 raistware the Magician (level 3, -9/24 HPs)
             Began as a Mummy Wizard on May 26, 2018.
             Mangled by Crazy Yiuf
             ... wielding a +4 quarterstaff of chaos
              (16 damage)
             ... on level 2 of the Dungeon.
             The game lasted 00:03:51 (1785 turns).

raistware the Magician (Mummy Wizard)               Turns: 1785, Time: 00:03:53

Health: -9/24      AC:  3    Str: 10    XL:     3   Next: 12%
Magic:  0/8        EV: 12    Int: 18    God:
Gold:   29         SH:  0    Dex: 12    Spells: 2/10 levels left

rFire    x . .     SeeInvis .   c - +0 dagger
rCold    + . .     Gourm    .   (no shield)
rNeg     + + +     Faith    .   a - +0 robe
rPois    ∞         Spirit   .   b - +0 hat
rElec    .         Reflect  .   (no cloak)
rCorr    .         Harm     .   f - +0 pair of gloves
MR       .....                  (no boots)
Stlth    ++........             (no amulet)
HPRegen  0.08/turn              g - +2 ring of dexterity
MPRegen  0.11/turn              (no ring)

@: hasted, very quick
A: no food or potions, fire vulnerability, cold resistance 1, negative energy
resistance 3, torment resistance, unbreathing
a: no special abilities


You were on level 2 of the Dungeon.
You were not hungry.

You visited 1 branch of the dungeon, and saw 2 of its levels.

You collected 29 gold pieces.

Inventory:

Hand Weapons
 c - a +0 dagger (weapon)
Armour
 a - a +0 robe (worn)
 b - a +0 hat (worn)
 f - a +0 pair of gloves (worn)
Jewellery
 g - a +2 ring of dexterity (left hand)
Scrolls
 d - a scroll of fog {unknown}
 e - 3 scrolls of teleportation {unknown}


   Skills:
 + Level 1.6 Dodging
 - Level 1.5 Stealth
 + Level 4.3 Spellcasting
 * Level 2.0 Conjurations
 - Level 1.0 Summonings
 - Level 1.0 Translocations


You had 2 spell levels left.
You knew the following spells:

 Your Spells              Type           Power        Failure   Level  Hunger
a - Magic Dart            Conj           ##..         6%          1    N/A
b - Blink                 Tloc           N/A          14%         2    N/A
c - Call Imp              Summ           #.......     14%         2    N/A
d - Conjure Flame         Conj/Fire      #.......     28%         3    N/A

Your spell library contained the following spells:

 Spells                   Type           Power        Failure   Level  Hunger
 Slow                     Hex            #.......     22%         2    N/A
 Mephitic Cloud           Conj/Pois/Air  #.......     32%         3    N/A

Dungeon Overview and Level Annotations

Branches:
Dungeon (2/15)

Altars:

Annotations:
D:2 Crazy Yiuf


Innate Abilities, Weirdness & Mutations

You do not eat or drink.
Your flesh is vulnerable to fire.
You are immune to poison.
Your flesh is cold resistant. (rC+)
You are immune to negative energy. (rN+++)
You are immune to unholy pain and torment.
You can survive without breathing.


Message History

Casting: Magic Dart (safe; 6% risk of failure)
Confirm with . or Enter, or press ? or * to list all spells.
Aiming: Magic Dart (safe; 6% risk of failure)
Press: ? - help, Shift-Dir - straight line, f/p - Crazy Yiuf
Aim: Crazy Yiuf, wielding a quarterstaff of chaos and wearing a cloak (severely wounded)
The magic dart hits Crazy Yiuf.
Crazy Yiuf is almost dead.
Crazy Yiuf barely misses you.
You closely miss Crazy Yiuf.
Crazy Yiuf is almost dead.
You hit Crazy Yiuf but do no damage.
Crazy Yiuf is almost dead.
Crazy Yiuf completely misses you.
You closely miss Crazy Yiuf.
Crazy Yiuf is almost dead.
Crazy Yiuf hits you with a quarterstaff of chaos!
* * * LOW HITPOINT WARNING * * *
You are electrocuted!
Ouch! That really hurt!
You die...

##.#.....###
######..#
#..# #####
#..# #)..#
#..# #...#
#..# ...
#..# #g#
#..# ♣@♣♣
#..# ♣♣.♣
#..# ♣.♣♣
#.## ♣♣.♣
#.# ♣♣.♣♣
#.# ♣♣...♣
#.# ♣....♣
#.# #....#
#.#
##..####.#


You could see Crazy Yiuf.

Vanquished Creatures
  2 dart slugs (D:1)
  2 leopard geckos (D:1)
  A giant cockroach (D:1)
  5 hobgoblins
  4 jackals (D:1)
  2 bats (D:1)
  3 frilled lizards
  2 goblins
  2 kobolds (D:1)
  3 rats (D:1)
26 creatures vanquished.

Notes
Turn   | Place    | Note
-------+----------+-------------------------------------------
     0 | D:1      | raistware the Mummy Wizard began the quest for the Orb.
     0 | D:1      | Reached XP level 1. HP: 13/13 MP: 5/5
    24 | D:1      | Reached skill level 1 in Conjurations
   219 | D:1      | Reached XP level 2. HP: 15/19 MP: 0/7
   223 | D:1      | Learned a level 2 spell: Blink
   226 | D:1      | Learned a level 2 spell: Call Imp
   849 | D:1      | Reached skill level 1 in Summonings
   849 | D:1      | Reached skill level 1 in Translocations
  1339 | D:1      | Reached XP level 3. HP: 20/24 MP: 5/8
  1344 | D:1      | Learned a level 3 spell: Conjure Flame
  1575 | D:2      | Found a runed door.
  1765 | D:2      | Noticed Crazy Yiuf
  1785 | D:2      | Mangled by Crazy Yiuf

Vault maps used:
D:1:      lightli_arrival_flooded_house
D:2:      uniq_robin, uniq_crazy_yiuf_cottage

Skill      XL: |  1  2 |
---------------+-------+-----
Conjurations   | 1 2 |  2.0
Summonings     | 1 |  1.0
Translocations | 1 |  1.0
Dodging        | |  1.6
Stealth        | |  1.5
Spellcasting   | |  4.3

Action                   || total
-------------------------++-------
Melee: Dagger            ||    47
 Cast: Magic Dart        ||    70
       Call Imp          ||     1
 Stab: Sleeping          ||     1
Armor: Robe              ||    10
Dodge: Dodged            ||    35

Table legend:
 A = Spawn XP
 B = Non-spawn XP
 C = Spawn XP percentage of total XP
 D = Spawn monster count
 E = Non-spawn monster count
 F = Spawn count percentage of total count
 G = Total turns spent on level
                    A         B        C        D         E        F      G
               +---------+---------+-------+---------+---------+-------+---------
         Total |       0 |      48 |   0.0 |       0 |      26 |   0.0 |  1785
               +---------+---------+-------+---------+---------+-------+---------
           D:1 |       0 |      43 |   0.0 |       0 |      23 |   0.0 |  1361
           D:2 |       0 |       5 |   0.0 |       0 |       3 |   0.0 |   424
               +---------+---------+-------+---------+---------+-------+---------
